NCAA
MISSOURI TIGERS @ WASHINGTON STATE COUGARS
04/14/2025
 
TOP OF THE 1ST
Missouri Tigers batting - Pitching for Washington State Cougars : LHP Gregory Thompson
Pitching: LHP Gregory Thompson
Batting: RHB Oliver Sánchez 0-0: Foul Ball, location: 2F
0-1: Foul Ball, location: 2F
0-2: Foul Ball, location: 2F
0-2: Ball
1-2: Strikes out swinging
Batting: RHB Troy González 0-0: Fly out, F8 (Popup, 8LS)
Batting: RHB Bobby Murdock 0-0: Foul Ball, location: 2F
0-1: Called Strike
0-2: Ball
1-2: Ball
2-2: Ball
3-2: SINGLE (Line Drive, 6M)
Batting: LHB Jim Wallace 0-0: SINGLE (Groundball, 34S) (infield hit)
Bobby Murdock to second
Batting: RHB Ken Uttley 0-0: Called Strike
0-1: Ball
1-1: Fielders Choice at 2nd, U6 (Groundball, 6M)
Top of the 1st over - 0 run(s), 2 hit(s), 0 error(s), 2 left on base; Missouri 0 - Washington State 0
BOTTOM OF THE 1ST
Washington State Cougars batting - Pitching for Missouri Tigers : RHP Alan Crichton
Pitching: RHP Alan Crichton
Batting: LHB Darren Holland 0-0: Ball
1-0: SINGLE (Groundball, 56D)
Batting: RHB Jesús Domínguez 0-0: Ball
1-0: Called Strike
1-1: Ground out 3-1 (Groundball, 34)
Darren Holland to second
Batting: RHB Jayson Clark 0-0: Ball
1-0: Ground out 4-3 (Groundball, 4)
Darren Holland to third
Batting: LHB Roberto Lozano 0-0: Called Strike
0-1: DOUBLE (Line Drive, 3L)
Darren Holland scores
Batting: RHB Thomas Bowman 0-0: Called Strike
Roberto Lozano steals 3rd base
0-1: Foul Ball, location: 2F
0-2: Ball
1-2: Foul Ball, location: 2F
1-2: Ball
2-2: Ball
3-2: Strikes out looking
Bottom of the 1st over - 1 run(s), 2 hit(s), 0 error(s), 1 left on base; Missouri 0 - Washington State 1
TOP OF THE 2ND
Missouri Tigers batting - Pitching for Washington State Cougars : LHP Gregory Thompson
Batting: LHB Ray Hampton 0-0: Swinging Strike
0-1: Ball
1-1: Ball
2-1: Foul Ball, location: 2F
2-2: Fly out, F4 (Line Drive, 4)
Batting: RHB Irwin Sizemore 0-0: Reached on Error, E9 (Flyball, 89S)
Batting: SHB Luis Estrada 0-0: SINGLE (Groundball, 34) - runner OUT being hit by batted ball.
Batting: LHB Nick Hill 0-0: Ground out 2-3 (Groundball, 23)
Top of the 2nd over - 0 run(s), 1 hit(s), 1 error(s), 1 left on base; Missouri 0 - Washington State 1
BOTTOM OF THE 2ND
Washington State Cougars batting - Pitching for Missouri Tigers : RHP Alan Crichton
Batting: RHB Nate Atkinson 0-0: Ball
1-0: Ball
2-0: Swinging Strike
2-1: Foul Ball, location: 2F
2-2: Strikes out swinging
Batting: RHB Bill McKinney 0-0: Fly out, F3 (Popup, 34S)
Batting: RHB Adam Gentry 0-0: Ball
1-0: Ball
2-0: SINGLE (Line Drive, 7LS)
Batting: LHB Paco Silva 0-0: Swinging Strike
0-1: Fly out, F7 (Flyball, 78S)
Bottom of the 2nd over - 0 run(s), 1 hit(s), 0 error(s), 1 left on base; Missouri 0 - Washington State 1
TOP OF THE 3RD
Missouri Tigers batting - Pitching for Washington State Cougars : LHP Gregory Thompson
Batting: RHB Oliver Sánchez 0-0: Called Strike
0-1: Ball
1-1: Ground out 5-3 (Groundball, 5L)
Batting: RHB Troy González 0-0: Foul Ball, location: 2F
0-1: Foul Ball, location: 2F
0-2: Strikes out looking
Batting: RHB Bobby Murdock 0-0: Foul Ball, location: 2F
0-1: Called Strike
0-2: Ball
1-2: Foul Ball, location: 2F
1-2: Ball
2-2: Foul Ball, location: 2F
2-2: Fly out, F8 (Line Drive, 6MD)
Top of the 3rd over - 0 run(s), 0 hit(s), 0 error(s), 0 left on base; Missouri 0 - Washington State 1
BOTTOM OF THE 3RD
Washington State Cougars batting - Pitching for Missouri Tigers : RHP Alan Crichton
Batting: LHB Darren Holland 0-0: SOLO HOME RUN (Flyball, 8RXD), Distance : 395 ft
Batting: RHB Jesús Domínguez 0-0: Ball
1-0: Foul Ball, location: 2F
1-1: Ball
2-1: Foul Ball, location: 2F
2-2: SOLO HOME RUN (Line Drive, 7D), Distance : 346 ft
Batting: RHB Jayson Clark 0-0: Ball
1-0: Foul Ball, location: 2F
1-1: Ball
2-1: Ball
3-1: Base on Balls
Batting: LHB Roberto Lozano 0-0: Called Strike
0-1: Ground out U3 (Groundball, 3S)
Jayson Clark to second
Batting: RHB Thomas Bowman 0-0: Ball
1-0: Foul Ball, location: 2F
1-1: Ball
2-1: Called Strike
2-2: Fly out, F3 (Popup, 3F)
Batting: RHB Nate Atkinson 0-0: Called Strike
0-1: Called Strike
0-2: Ball
1-2: Ball
2-2: Ground out U3 (Groundball, 3)
Bottom of the 3rd over - 2 run(s), 2 hit(s), 0 error(s), 1 left on base; Missouri 0 - Washington State 3
TOP OF THE 4TH
Missouri Tigers batting - Pitching for Washington State Cougars : LHP Gregory Thompson
Batting: LHB Jim Wallace 0-0: Ball
1-0: Called Strike
1-1: Foul Ball, location: 2F
1-2: Strikes out swinging
Batting: RHB Ken Uttley 0-0: Called Strike
0-1: Ball
1-1: Ground out 4-3 (Groundball, 4)
Batting: LHB Ray Hampton 0-0: Ball
1-0: Ball
2-0: Called Strike
2-1: Foul Ball, location: 2F
2-2: Ground out 6-3 (Groundball, 6M)
Top of the 4th over - 0 run(s), 0 hit(s), 0 error(s), 0 left on base; Missouri 0 - Washington State 3
BOTTOM OF THE 4TH
Washington State Cougars batting - Pitching for Missouri Tigers : RHP Alan Crichton
Batting: RHB Bill McKinney 0-0: Ball
1-0: Ground out 6-3 (Groundball, 6)
Batting: RHB Adam Gentry 0-0: Ball
1-0: Foul Ball, location: 2F
1-1: Swinging Strike
1-2: Strikes out swinging
Batting: LHB Paco Silva 0-0: Ground out 6-3 (Groundball, 6M)
Bottom of the 4th over - 0 run(s), 0 hit(s), 0 error(s), 0 left on base; Missouri 0 - Washington State 3
TOP OF THE 5TH
Missouri Tigers batting - Pitching for Washington State Cougars : LHP Gregory Thompson
Batting: RHB Irwin Sizemore 0-0: Ground out 4-3 (Groundball, 4)
Batting: SHB Luis Estrada 0-0: Ball
1-0: Called Strike
1-1: Ball
2-1: Fly out, F9 (Flyball, 9S)
Batting: LHB Nick Hill 0-0: Ball
1-0: Ground out U3 (Groundball, 3)
Top of the 5th over - 0 run(s), 0 hit(s), 0 error(s), 0 left on base; Missouri 0 - Washington State 3
BOTTOM OF THE 5TH
Washington State Cougars batting - Pitching for Missouri Tigers : RHP Alan Crichton
Batting: LHB Darren Holland 0-0: Ball
1-0: Foul Ball, location: 2F
1-1: Ball
2-1: Ball
3-1: Base on Balls
Batting: RHB Jesús Domínguez 0-0: SINGLE (Groundball, 56D)
Darren Holland to second
Batting: RHB Jayson Clark 0-0: Ball
1-0: Foul Ball, location: 2F
1-1: Ball
2-1: Called Strike
2-2: Strikes out swinging
Batting: LHB Roberto Lozano 0-0: Ball
1-0: SINGLE (Line Drive, 34D)
Darren Holland to third
Jesús Domínguez to second
Runner from 3rd tries for Home, SAFE, no throw or cutoff
Batting: RHB Thomas Bowman 0-0: Fly out, F9 (Flyball, 9M)
Batting: RHB Nate Atkinson 0-0: Ball
1-0: Ball
2-0: Ball
3-0: Called Strike
3-1: Foul Ball, location: 2F
3-2: Foul Ball, location: 2F
3-2: Base on Balls
Jesús Domínguez to third
Roberto Lozano to second
Batting: RHB Bill McKinney 0-0: Called Strike
0-1: Fly out, F8 (Flyball, 8LS)
Bottom of the 5th over - 1 run(s), 2 hit(s), 0 error(s), 3 left on base; Missouri 0 - Washington State 4
TOP OF THE 6TH
Missouri Tigers batting - Pitching for Washington State Cougars : LHP Gregory Thompson
Batting: RHB Oliver Sánchez 0-0: Ball
1-0: Ball
2-0: Called Strike
2-1: Foul Ball, location: 2F
2-2: Strikes out swinging
Batting: RHB Troy González 0-0: Ball
1-0: Foul Ball, location: 2F
1-1: Called Strike
1-2: Foul Ball, location: 2F
Single, Error in OF, E9, batter to second base
Batting: RHB Bobby Murdock 0-0: Ball
1-0: Called Strike
1-1: 2-RUN HOME RUN (Flyball, 7LD), Distance : 320 ft
Batting: LHB Jim Wallace 0-0: Foul Ball, location: 2F
0-1: SOLO HOME RUN (Flyball, 7LD), Distance : 332 ft
Batting: RHB Ken Uttley 0-0: Ball
1-0: Called Strike
1-1: Swinging Strike
1-2: Strikes out swinging
Batting: LHB Ray Hampton 0-0: Called Strike
0-1: SOLO HOME RUN (Flyball, 9LD), Distance : 314 ft
Batting: RHB Irwin Sizemore 0-0: Called Strike
0-1: Swinging Strike
0-2: Ground out 4-3 (Groundball, 4)
Top of the 6th over - 4 run(s), 4 hit(s), 1 error(s), 0 left on base; Missouri 4 - Washington State 4
BOTTOM OF THE 6TH
Washington State Cougars batting - Pitching for Missouri Tigers : RHP Alan Crichton
Pitching: RHP Teddy Foster
Batting: RHB Adam Gentry 0-0: Called Strike
0-1: Swinging Strike
0-2: Strikes out looking
Batting: LHB Paco Silva 0-0: Ball
1-0: Called Strike
1-1: Called Strike
1-2: Ball
2-2: Foul Ball, location: 2F
2-2: Strikes out swinging
Batting: LHB Darren Holland 0-0: Ball
1-0: Ball
2-0: SINGLE (Line Drive, 34)
Batting: RHB Jesús Domínguez 0-0: Ball
Darren Holland steals 2nd base
1-0: Foul Ball, location: 2F
1-1: Ball
2-1: Ball
3-1: Foul Ball, location: 2F
3-2: Base on Balls
Batting: RHB Jayson Clark 0-0: SINGLE (Groundball, 15) (infield hit)
Darren Holland to third
Jesús Domínguez to second
Batting: LHB Roberto Lozano 0-0: Called Strike
0-1: Ball
1-1: Fly out, F8 (Flyball, 8RD)
Bottom of the 6th over - 0 run(s), 2 hit(s), 0 error(s), 3 left on base; Missouri 4 - Washington State 4
TOP OF THE 7TH
Missouri Tigers batting - Pitching for Washington State Cougars : LHP Gregory Thompson
Pitching: LHP George Sheppard
Batting: SHB Luis Estrada 0-0: Ball
1-0: Foul Ball, location: 2F
1-1: Foul Ball, location: 2F
1-2: Strikes out swinging
Batting: LHB Nick Hill 0-0: Called Strike
0-1: Ball
1-1: Called Strike
1-2: Ball
2-2: Ground out 6-3 (Groundball, 6M)
Batting: RHB Oliver Sánchez 0-0: Ball
1-0: Fly out, F9 (Popup, 89S)
Top of the 7th over - 0 run(s), 0 hit(s), 0 error(s), 0 left on base; Missouri 4 - Washington State 4
BOTTOM OF THE 7TH
Washington State Cougars batting - Pitching for Missouri Tigers : RHP Teddy Foster
Batting: RHB Thomas Bowman 0-0: Foul Ball, location: 2F
0-1: Ground out 6-3 (Groundball, 6)
Batting: RHB Nate Atkinson 0-0: Ball
1-0: Called Strike
1-1: Fly out, F7 (Flyball, 7LM)
Batting: RHB Bill McKinney 0-0: Called Strike
0-1: Ball
1-1: Called Strike
1-2: Ball
2-2: Strikes out swinging
Bottom of the 7th over - 0 run(s), 0 hit(s), 0 error(s), 0 left on base; Missouri 4 - Washington State 4
TOP OF THE 8TH
Missouri Tigers batting - Pitching for Washington State Cougars : LHP George Sheppard
Batting: RHB Troy González 0-0: Foul Ball, location: 2F
0-1: Swinging Strike
0-2: Ball
1-2: Ball
2-2: Ball
3-2: Base on Balls
Batting: RHB Bobby Murdock 0-0: Ball
1-0: Foul Ball, location: 2F
1-1: Called Strike
1-2: SINGLE (Groundball, 56)
Troy González to second
Batting: LHB Jim Wallace 0-0: Ball
1-0: Foul Ball, location: 2F
1-1: Ball
2-1: Fly out, F8 (Flyball, 8RM)
Batting: RHB Ken Uttley 0-0: Reached on error, E5 (Groundball, 56)
Troy González to third
Bobby Murdock to second
Batting: LHB Ray Hampton 0-0: Ball
1-0: Called Strike
1-1: Swinging Strike
1-2: Strikes out swinging
Batting: RHB Irwin Sizemore 0-0: Ball
1-0: Foul Ball, location: 2F
1-1: Ball
2-1: Ball
3-1: Foul Ball, location: 2F
3-2: Base on Balls
Troy González scores
Bobby Murdock to third
Ken Uttley to second
Batting: SHB Luis Estrada 0-0: Ball
1-0: Ball
2-0: Ball
3-0: Called Strike
3-1: Swinging Strike
3-2: Fly out, F9 (Flyball, 89M)
Top of the 8th over - 1 run(s), 1 hit(s), 1 error(s), 3 left on base; Missouri 5 - Washington State 4
BOTTOM OF THE 8TH
Washington State Cougars batting - Pitching for Missouri Tigers : RHP Teddy Foster
Pitching: RHP J.R. Wood
Batting: RHB Adam Gentry 0-0: Ball
1-0: Foul Ball, location: 2F
1-1: Fly out, F7 (Flyball, 7LSF)
Pitching: LHP Nathan Armstrong
Batting: LHB Paco Silva 0-0: Ground out 4-3 (Groundball, 4)
Batting: LHB Darren Holland 0-0: Called Strike
0-1: Ball
1-1: Ball
2-1: Ball
3-1: SINGLE (Groundball, 6MD)
Pitching: RHP Ben Simpson
Batting: RHB Jesús Domínguez 0-0: Ball
1-0: Foul Ball, location: 2F
1-1: SINGLE (Groundball, 56)
Darren Holland to second
Batting: RHB Jayson Clark 0-0: Called Strike
0-1: Ground out 4-3 (Groundball, 4)
Bottom of the 8th over - 0 run(s), 2 hit(s), 0 error(s), 2 left on base; Missouri 5 - Washington State 4
TOP OF THE 9TH
Missouri Tigers batting - Pitching for Washington State Cougars : LHP George Sheppard
Pitching: RHP Seth Berry
Batting: LHB Nick Hill 0-0: Fly out, F8 (Line Drive, 78D)
Batting: RHB Oliver Sánchez 0-0: Ball
1-0: Ball
2-0: Called Strike
2-1: Ball
3-1: Base on Balls
Batting: RHB Troy González 0-0: Ball
Oliver Sánchez steals 2nd base
1-0: Called Strike
1-1: Swinging Strike
1-2: Ball
2-2: Ball
3-2: Strikes out swinging
Batting: RHB Bobby Murdock 0-0: Called Strike
0-1: Called Strike
0-2: Fly out, F6 (Line Drive, 56D)
Top of the 9th over - 0 run(s), 0 hit(s), 0 error(s), 1 left on base; Missouri 5 - Washington State 4
BOTTOM OF THE 9TH
Washington State Cougars batting - Pitching for Missouri Tigers : RHP Ben Simpson
Pitching: RHP Ralph Marks
Now in CF: Evan Jackson
Batting: LHB Roberto Lozano 0-0: Called Strike
0-1: Ball
1-1: Ball
2-1: Swinging Strike
2-2: Strikes out swinging
Batting: RHB Thomas Bowman 0-0: Swinging Strike
0-1: Foul Ball, location: 2F
0-2: Ball
1-2: Foul Ball, location: 2F
1-2: Strikes out swinging
Batting: RHB Nate Atkinson 0-0: SOLO HOME RUN (Flyball, 7LD), Distance : 316 ft
Batting: RHB Bill McKinney 0-0: Ball
1-0: Fly out, F7 (Flyball, 78M)
Bottom of the 9th over - 1 run(s), 1 hit(s), 0 error(s), 0 left on base; Missouri 5 - Washington State 5
TOP OF THE 10TH
Missouri Tigers batting - Pitching for Washington State Cougars : RHP Seth Berry
Batting: RHB Evan Jackson 0-0: SINGLE (Line Drive, 56)
Batting: RHB Ken Uttley 0-0: DOUBLE (Flyball, 89M)
Evan Jackson to third
Batting: LHB Ray Hampton 0-0: DOUBLE (Line Drive, 4D)
Evan Jackson scores
Ken Uttley scores
Batting: RHB Irwin Sizemore 0-0: Called Strike
0-1: Ball
1-1: Ball
2-1: Ball
3-1: SINGLE (Groundball, 34D)
Ray Hampton to third
Batting: SHB Luis Estrada 0-0: Called Strike
0-1: Ball
1-1: Ball
2-1: SINGLE (Groundball, 3L) (infield hit)
Ray Hampton scores
Irwin Sizemore to second
Pitching: LHP Anthony Robinson
Batting: LHB Nick Hill 0-0: Called Strike
0-1: Ball
1-1: Ball
2-1: Called Strike
2-2: SINGLE (Line Drive, 34D)
Irwin Sizemore to third
Luis Estrada to second
Batting: RHB Oliver Sánchez 0-0: Ball
1-0: Called Strike
1-1: Ball
2-1: Swinging Strike
2-2: Foul Ball, location: 2F
2-2: Strikes out swinging
Batting: RHB Troy González 0-0: Reached on error, E4 (Groundball, 13)
Irwin Sizemore scores
Luis Estrada scores
Nick Hill to third
Batting: RHB Bobby Murdock 0-0: Called Strike
0-1: Ball
1-1: Ball
2-1: Foul Ball, location: 2F
2-2: Foul Ball, location: 2F
2-2: Ground out 6-3 (Groundball, 6)
Nick Hill scores
Batting: RHB Evan Jackson 0-0: Ground out 6-3 (Groundball, 6M)
Top of the 10th over - 6 run(s), 6 hit(s), 1 error(s), 1 left on base; Missouri 11 - Washington State 5
BOTTOM OF THE 10TH
Washington State Cougars batting - Pitching for Missouri Tigers : RHP Ralph Marks
Batting: RHB Adam Gentry 0-0: Ball
1-0: Ground out 6-3 (Groundball, 6)
Batting: LHB Paco Silva 0-0: Called Strike
0-1: Foul Ball, location: 2F
0-2: Foul Ball, location: 2F
0-2: Foul Ball, location: 2F
0-2: Strikes out looking
Batting: LHB Darren Holland 0-0: Ball
1-0: Ball
2-0: Ball
3-0: Called Strike
3-1: Base on Balls
Batting: RHB Jesús Domínguez 0-0: Called Strike
0-1: Ball
1-1: Ball
2-1: Ball
3-1: Base on Balls
Darren Holland to second
Batting: RHB Jayson Clark 0-0: Ball
1-0: Ball
2-0: Ground out 4-3 (Groundball, 4S)
Bottom of the 10th over - 0 run(s), 0 hit(s), 0 error(s), 2 left on base; Missouri 11 - Washington State 5
This league is powered by Out of the Park Baseball, the baseball management simulation game for PC, Mac and Linux
Tuesday, August 2nd, 2016 - OOTP Baseball 16.8 Build 38